 Dungeon Crawl Stone Soup version 0.30-a0-459-g9104f0fc43 (webtiles) character file.

Game seed: 12034041180990794399

26544 Nyo the Cleaver (level 12, -9/112 HPs)
             Began as an Armataur Berserker on Dec 15, 2022.
             Was an Elder of Trog.
             Mangled by a blink frog (10 damage)
             ... on level 4 of the Lair of Beasts on Dec 16, 2022.
             The game lasted 00:44:32 (14070 turns).

Nyo the Cleaver (Armataur Berserker)               Turns: 14070, Time: 00:44:33

Health: -9/112     AC: 20    Str: 40    XL:     12   Next: 99%
Magic:  12/12      EV:  8    Int:  8    God:    Trog [****..]
Gold:   651        SH:  0    Dex:  9    Spells: 11/11 levels left

rFire   . . .      SeeInvis +    g - +3 battleaxe
rCold   . . .      Faith    .    (shield currently unavailable)
rNeg    . . .      Spirit   .    i - +3 chain mail of Leapfrog {Regen+ SInv}
rPois   .          Reflect  .    m - +1 hat
rElec   .          Harm     .    f - +1 cloak
rCorr   .          Roll     +    d - +1 pair of gloves
Will    .....                    (no barding)
Stlth   ..........               n - amulet of regeneration
HPRegen 1.98/turn                c - +6 ring of strength
MPRegen 0.13/turn                e - +6 ring of strength

@: on berserk cooldown, slowed, very slow
A: large, rugged brown scales 3, deformed body, armoured tail, roll, long
tongue, awkward tongue
a: Renounce Religion, Berserk, Trog's Hand, Brothers in Arms


You were on level 4 of the Lair of Beasts.
You worshipped Trog.
Trog was greatly pleased with you.
You visited 3 branches of the dungeon, and saw 15 of its levels.

You collected 1509 gold pieces.
You spent 858 gold pieces at shops.

Inventory:

Hand Weapons
 g - a +3 battleaxe (weapon)
Missiles
 b - a throwing net
Armour
 d - a +1 pair of gloves (worn)
 f - a +1 cloak (worn)
 i - the +3 chain mail of Leapfrog (worn) {Regen+ SInv}
   (You found it on level 3 of the Lair of Beasts)

   SInv:      It lets you see invisible.
   Regen:     It increases your rate of health regeneration.
 m - a +1 hat (worn)
Jewellery
 c - a +6 ring of strength (left hand)
 e - a +6 ring of strength (right hand)
 l - a +6 ring of intelligence
 n - an amulet of regeneration (around neck)
Wands
 o - a wand of acid (7)
Potions
 j - 8 potions of curing


   Skills:
 + Level 9.5 Fighting
 + Level 13.7 Axes
 + Level 12.4 Armour
 + Level 4.1 Dodging
 + Level 2.9 Stealth
 + Level 1.1 Evocations


You had 11 spell levels left.
You didn't know any spells.
Your spell library was empty.

Dungeon Overview and Level Annotations

Branches:
Dungeon (10/15)            Temple (0/1) D:5            Lair (4/5) D:10
 Shoals (0/4) Lair:3        Snake (1/4) Lair:2
  Slime: Lair:4-5       Orc: D:9-12

Altars:
Cheibriados
Dithmenos
Elyvilon
Fedhas
Gozag
Hepliaklqana
Nemelex Xobeh
Ru
Uskayaw
Wu Jian

Shops:
D:10 =


Innate Abilities, Weirdness & Mutations

You are completely covered in rugged brown scales. (AC +3, +7% HP)
Armour fits poorly on your strangely shaped body.
You have a long armoured tail.
You roll when moving toward enemies. (Rampage)
Your long tongue fully drains potion bottles. (2x potion effects)
Your tongue gives you trouble enunciating. (1.5x scroll delay)


Message History

You barely miss the blink frog. You slash the blink frog!
You completely miss the blink frog.
The blink frog blinks!
The blink frog hits you. x2
The blink frog hits you but does no damage. x2
You barely miss the blink frog. You slash the blink frog!
The blink frog hits you!
The blink frog blinks!
The blink frog hits you!
* * * LOW HITPOINT WARNING * * *
The blink frog hits you.
* * * LOW HITPOINT WARNING * * *
The blink frog blinks!
You roll towards the blink frog!
The blink frog blinks!
You barely miss the blink frog. The blink frog hits you.
* * * LOW HITPOINT WARNING * * *
The blink frog hits you!
* * * LOW HITPOINT WARNING * * *
The blink frog hits you.
* * * LOW HITPOINT WARNING * * *
The blink frog hits you but does no damage.
Okay, then.
The blink frog attacks as you move away!
The blink frog closely misses you. The blink frog hits you.
* * * LOW HITPOINT WARNING * * *
The blink frog hits you but does no damage.
The blink frog barely misses you.
The blink frog hits you but does no damage.
You closely miss the blink frog.
The blink frog is heavily wounded.
You hit the blink frog. You barely miss the blink frog.
The blink frog hits you.
* * * LOW HITPOINT WARNING * * *
The blink frog blinks!
The blink frog closely misses you. The blink frog hits you.
* * * LOW HITPOINT WARNING * * *
The blink frog hits you but does no damage. x2
You hit the blink frog.
Your tail-slap misses the blink frog.
The blink frog is severely wounded.
You closely miss the blink frog. The blink frog hits you!
* * * LOW HITPOINT WARNING * * *
The blink frog blinks!
The blink frog hits you!
You die...

..##.# # .....##
.#### #..#<.#
.... #F#..#
##..####....#
..#8.F8#.......
#...>...F§.#
#....†§@..##
#.#8..8###<.#
##..###.†####
......F.††..#
##.P...#†..P#....
..##..P#...## ..
.............# ..
....##P..... <..
.........


You could see 3 blink frogs.

Vanquished Creatures
  Gastronok (D:9)
  Kirke (Lair:4)
  A hydra (Lair:3)
  A boulder beetle (Lair:2)
  A naga sharpshooter (Snake:1)
  The ghost of Jackthecabe the Arsonist, a novice DgCj (D:8)
  A deep elf pyromancer (D:10)
  The ghost of jlumianski the Trooper, a novice DsFi of Qazlal (D:5)
  2 oklob plants
  2 black mambas (Lair:3)
  6 elephants (Lair:3)
  A kobold demonologist (D:5)
  3 cane toads
  5 komodo dragons
  A troll (D:10)
  3 polar bears
  7 blink frogs
  A hornet (D:9)
  A wraith (D:9)
  3 wyverns
  23 yaks
  3 hogs (Lair:4)
  7 vampire mosquitoes
  2 basilisks (Lair:2)
  2 steam dragons
  4 nagas
  5 water moccasins
  2 orc warriors
  3 ice beasts
  3 ogres
  3 centaurs
  14 bullfrogs
  A kobold brigand (D:9)
  4 necrophages
  4 scorpions
  12 wights
  7 killer bees
  2 howler monkeys
  A komodo dragon simulacrum (Lair:1)
  3 hounds
  A jelly (D:5)
  6 orc priests
  A gnoll bouda (D:9)
  21 hell rats
  2 iguanas
  8 orc wizards
  14 gnolls
  11 adders
  3 river rats
  2 shadow imps (D:6)
  A dart slug (D:1)
  47 orcs
  2 bats (D:1)
  3 endoplasms
  3 giant cockroaches
  11 goblins
  5 hobgoblins (D:1)
  6 jackals
  6 quokkas
  10 ball pythons
  4 frilled lizards (D:1)
  14 kobolds
  32 rats
361 creatures vanquished.

Vanquished Creatures (collateral kills)
  The ghost of elongatedgoose the Grappler, a novice TrFi of Ashenzari (Lair:1)
  A spectral death yak (Lair:1)
  A vampire mosquito (D:8)
  A hydra simulacrum (Lair:1)
  A spectral torpor snail (Lair:1)
  2 centaurs
7 creatures vanquished.

Vanquished Creatures (others)
  6 fungi
  25 plants
31 creatures vanquished.

Grand Total: 399 creatures vanquished

Notes
Turn   | Place    | Note
-------+----------+-------------------------------------------
     0 | D:1      | Nyo the Armataur Berserker began the quest for the Orb.
     0 | D:1      | Reached XP level 1. HP: 19/19 MP: 1/1
   189 | D:1      | Reached XP level 2. HP: 26/26 MP: 2/2
   539 | D:1      | Reached ** piety under Trog
   543 | D:1      | Reached XP level 3. HP: 32/33 MP: 3/3
   733 | D:1      | Found a faded altar of an unknown god.
   865 | D:2      | Reached skill level 3 in Axes
  1122 | D:2      | Reached XP level 4. HP: 40/40 MP: 4/4
  1412 | D:3      | Found an ornate altar of the Wu Jian Council.
  1481 | D:3      | Reached *** piety under Trog
  1698 | D:3      | Reached XP level 5. HP: 47/48 MP: 5/5
  1824 | D:4      | Reached skill level 1 in Stealth
  1829 | D:4      | Reached skill level 4 in Axes
  2122 | D:4      | Found a sacrificial altar of Ru.
  2261 | D:4      | Reached XP level 6. HP: 55/55 MP: 6/6
  2429 | D:4      | Found an opulent altar of Gozag.
  2869 | D:5      | Entered Level 5 of the Dungeon
  2886 | D:5      | Reached skill level 5 in Axes
  2939 | D:5      | Noticed a kobold demonologist
  2942 | D:5      | Noticed an ice beast
  2949 | D:5      | Reached XP level 7. HP: 63/63 MP: 7/7
  2950 | D:5      | Noticed an ice devil
  2956 | D:5      | Killed a kobold demonologist
  2957 | D:5      | Reached skill level 5 in Armour
  3086 | D:5      | Found a runed translucent door.
  3088 | D:5      | Noticed jlumianski's ghost (novice DsFi)
  3109 | D:5      | Killed jlumianski's ghost
  3110 | D:5      | Reached skill level 6 in Axes
  3110 | D:5      | Reached skill level 1 in Evocations
  3110 | D:5      | Reached XP level 8. HP: 71/71 MP: 8/8
  3119 | D:5      | Found a runed translucent door.
  3323 | D:5      | Found a staircase to the Ecumenical Temple.
  3423 | D:5      | Found a shadowy altar of Dithmenos.
  3435 | D:5      | Reached skill level 7 in Axes
  3930 | D:5      | Found a hide-covered altar of Uskayaw.
  4198 | D:6      | Reached skill level 5 in Fighting
  4433 | D:6      | Reached **** piety under Trog
  4438 | D:6      | Reached XP level 9. HP: 79/79 MP: 9/9
  4810 | D:6      | Reached skill level 8 in Axes
  5698 | D:6      | Identified a scroll of acquirement
  5698 | D:6      | Acquired 529 gold pieces
  5742 | D:7      | Found a runed translucent door.
  6534 | D:7      | Found a white marble altar of Elyvilon.
  7479 | D:8      | Found a hazy altar of Hepliaklqana.
  7519 | D:8      | Reached skill level 9 in Axes
  7522 | D:8      | Noticed Jackthecabe's ghost (novice DgCj)
  7595 | D:8      | Found a runed translucent door.
  7607 | D:8      | Reached ***** piety under Trog
  7618 | D:8      | Killed Jackthecabe's ghost
  7619 | D:8      | Reached XP level 10. HP: 88/88 MP: 10/10
  7882 | D:8      | Identified the ring of Foolhardiness {rPois rN+ Int+4
                  | Slay+3}
  8712 | D:9      | Found a blossoming altar of Fedhas.
  8980 | D:9      | Reached skill level 10 in Axes
  9431 | D:9      | Found a sparkling altar of Nemelex Xobeh.
  9449 | D:9      | Noticed Gastronok
  9464 | D:9      | Killed Gastronok
  9698 | D:10     | Entered Level 10 of the Dungeon
  9771 | D:10     | Found a staircase to the Lair.
  9771 | D:10     | Found a snail-covered altar of Cheibriados.
  9772 | D:10     | Noticed a deep elf pyromancer
  9798 | D:10     | Killed a deep elf pyromancer
  9799 | D:10     | Reached XP level 11. HP: 95/98 MP: 11/11
  9912 | D:10     | Reached skill level 11 in Axes
  9928 | D:10     | Paralysed by a wight for 4 turns
 10125 | D:10     | Found Gankajee's Jewellery Shoppe.
 10133 | D:10     | Bought a +6 ring of strength for 468 gold pieces
 10133 | D:10     | Bought an amulet of regeneration for 390 gold pieces
 10487 | Lair:1   | Entered Level 1 of the Lair of Beasts
 10541 | Lair:1   | Found a runed translucent gate.
 10542 | Lair:1   | Found a runed translucent gate.
 10543 | Lair:1   | Found a runed translucent gate.
 10543 | Lair:1   | Noticed elongatedgoose's ghost (novice TrFi)
 10606 | Lair:1   | Reached skill level 10 in Armour
 10881 | Lair:1   | Noticed an oklob plant
 11581 | Lair:1   | Killed elongatedgoose's ghost
 11584 | Lair:1   | Reached skill level 12 in Axes
 11738 | Lair:1   | Killed an oklob plant
 11888 | Lair:2   | Noticed an oklob plant
 11947 | Lair:2   | Found a staircase to the Snake Pit.
 12036 | Lair:2   | Reached XP level 12. HP: 97/109 MP: 12/12
 12267 | Lair:2   | Noticed a boulder beetle
 12288 | Lair:2   | Killed a boulder beetle
 12917 | Lair:3   | Identified the +11 great sword "Behownef" {vorpal, rPois
                  | rF+ Will+ Str-3}
 12935 | Lair:3   | Found a staircase to the Shoals.
 12952 | Lair:3   | Identified the +3 chain mail of Leapfrog {Regen+ SInv}
 13130 | Lair:3   | Reached skill level 13 in Axes
 13345 | Lair:3   | Noticed a seven-headed hydra
 13358 | Lair:3   | HP: 7/166 [11-headed hydra (5)]
 13359 | Lair:3   | Killed a 12-headed hydra
 13879 | Snake:1  | Entered Level 1 of the Snake Pit
 14032 | Lair:4   | Noticed Kirke
 14048 | Lair:4   | Noticed a sphinx
 14050 | Lair:4   | Killed Kirke
 14070 | Lair:4   | HP: 1/112 [blink frog (9)]
 14070 | Lair:4   | Mangled by a blink frog

Illustrated notes

Levels and vault maps discovered:
D:1:      roderic_chinese_lattice_arrival, layout_loops_cross,
          shapermc_ecumenical_altar_notcrosses, minmay_pentomino_w4
D:2:      layout_rooms, minmay_rat_hole
D:3:      layout_rooms, nzn_wu_jian_council_hall
D:4:      layout_basic, lemuel_coloured_pillars_altar,
          nicolae_gozag_seed_capital, minmay_misc_feat_encased, corexii_shack
D:5:      layout_loops_ring, lemuel_tele_altar, nicolae_uskayaw_suspiria,
          minmay_temple_entry_mini_moons, ebering_ghost_sewer_f,
          corexii_hall_statues_deadend, minmay_manual_mandibuliform
D:6:      layout_layer_cave
D:7:      layout_basic, nicolae_elyvilon_peaceful_grove, lightli_church_of_beogh
D:8:      layout_gridville, worldfamousw_hep_ancestral_shrine,
          hellmonk_ghost_happy_afterlife
D:9:      layout_long_grid, fedhas_altar_1, nemelex_xobeh_ov_fountains_minmay,
          uniq_gastronok
D:10:     layout_cave_pools, cheibriados_altar_1, lair_entry_dummy,
          serial_shops, nicolae_shop_crystal
Lair:1:   wander_river, layout_hall_layers, gammafunk_ghost_necromancy,
          serial_bayou_shore_a
Lair:2:   layout_concentric_octagons, guppyfry_snake_entry_island,
          chequers_serial_rivers_small_a, kennysheep_abandoned_house
Lair:3:   layout_roguey, minmay_shoals_entry_centaurs, serial_bayou_shore_b
Lair:4:   beast_lair_carwin_large_4, layout_loops_ring,
          minmay_slime_entry_jelly_boxes, st_stairs_6,
          nicolae_lair_grazing_beasts [nicolae_sub_lair_graze_edge,
          nicolae_sub_lair_graze_edge, nicolae_sub_lair_graze_edge,
          nicolae_sub_lair_graze_edge], uniq_kirke
Snake:1:  layout_chambers, grunt_megastairs_5

Skill      XL: |  1  2  3  4  5  6  7  8  9 10 11 12 |
---------------+-------------------------------------+-----
Fighting       | 3 4 5 7 8 9 |  9.5
Axes           | 3 4 5 6 7 9 10 12 13 | 13.7
Armour         | 3 4 5 6 8 9 10 12 | 12.4
Dodging        | 2 3 4 |  4.1
Stealth        | 1 2 |  2.9
Evocations     | 1 |  1.1

Action                   |  1- 3 |  4- 6 |  7- 9 | 10-12 || total
-------------------------+-------+-------+-------+-------++-------
Melee: Hand axe          |   102 |   103 |       |       ||   205
       Tailslap          |    11 |    12 |    26 |    85 ||   134
       Punch             |       |     2 |     1 |       ||     3
       War axe           |       |     5 |   214 |       ||   219
       Battleaxe         |       |       |     6 |   413 ||   419
Invok: Berserk           |     3 |     4 |     5 |    20 ||    32
       Trog's Hand       |       |       |     1 |       ||     1
       Brothers in Arms  |       |       |       |     7 ||     7
Evoke: Wand              |       |     4 |       |       ||     4
  Use: Scroll            |     4 |     8 |     7 |     6 ||    25
       Potion            |     4 |       |     3 |     7 ||    14
Armor: Animal skin       |    22 |       |       |       ||    22
       Leather armour    |    21 |    32 |       |       ||    53
       Chain mail        |       |    17 |   145 |   382 ||   544
       Scale mail        |       |     2 |       |       ||     2
Dodge: Dodged            |    52 |    57 |    82 |   234 ||   425

Table legend: (Time is in decaauts)
 A = Elapsed time spent in this place.
 B = Non-inter-level travel time spent in this place.
 C = Inter-level travel time spent in this place.
 D = Time resting spent in this place.
 E = Time spent auto-exploring this place.
 F = Levels seen in this place.
 G = Mean time per level.
                   A        B        C        D        E       F      G
               +--------+--------+--------+--------+--------+-----+--------+
         Total |  14372 |  13930 |    442 |      0 |  10731 |  15 |  958.1 |
       Dungeon |  10706 |  10336 |    370 |      0 |   8281 |  10 | 1070.6 |
          Lair |   3653 |   3582 |     71 |      0 |   2449 |   4 |  913.2 |
     Snake Pit |     12 |     12 |      0 |      0 |      0 |   1 |   12.0 |
               +--------+--------+--------+--------+--------+-----+--------+

Top non-repeatable levels by time:
     D:6: 1726 daAuts
     D:7: 1579 daAuts
  Lair:1: 1388 daAuts
     D:8: 1310 daAuts
  Lair:2: 1279 daAuts
     D:5: 1197 daAuts
     D:9: 1167 daAuts
     D:4: 1063 daAuts
  Lair:3: 950 daAuts
     D:1: 849 daAuts
    D:10: 813 daAuts
     D:2: 589 daAuts
     D:3: 410 daAuts
  Lair:4: 34 daAuts
 Snake:1: 12 daAuts
